TOP OF THE 1ST |
Punta Cana Hutias batting - Pitching for Ontario Emus : RHP Dan Catron
|
Pitching: RHP Dan Catron
|
|
Batting: RHB Alejandro Ramírez
|
0-0: Foul Ball, location: 2F 0-1: Ball 1-1: Ball 2-1: Fly out, F9 (Flyball, 89S)
|
Batting: RHB Edgardo Vásquez
|
0-0: Called Strike 0-1: Ball 1-1: Foul Ball, location: 2F 1-2: Ball 2-2: Ball 3-2: Foul Ball, location: 2F 3-2: Foul Ball, location: 2F 3-2: Base on Balls
|
Batting: LHB Ernesto Meléndez
|
0-0: Called Strike 0-1: Fly out, F7 (Flyball, 7)
|
Batting: LHB Juan Rodríguez
|
0-0: Ball 1-0: Foul Ball, location: 2F 1-1: Fly out, F4 (Popup, 34)
|
Top of the 1st over - 0 run(s), 0 hit(s), 0 error(s), 1 left on base; Punta Cana 0 - Ontario 0 |
BOTTOM OF THE 1ST |
Ontario Emus batting - Pitching for Punta Cana Hutias : LHP Ángel Rodríguez
|
Pitching: LHP Ángel Rodríguez
|
|
Batting: RHB Glen Madden
|
0-0: Ground out 6-3 (Groundball, 6MS)
|
Batting: RHB Germán Vargas
|
0-0: Ball 1-0: Fly out, F8 (Flyball, 8LM)
|
Batting: LHB Horace Kramer
|
0-0: Called Strike 0-1: Fly out, F7 (Flyball, 7LS)
|
Bottom of the 1st over - 0 run(s), 0 hit(s), 0 error(s), 0 left on base; Punta Cana 0 - Ontario 0 |
TOP OF THE 2ND |
Punta Cana Hutias batting - Pitching for Ontario Emus : RHP Dan Catron
|
Batting: RHB Alberto García
|
0-0: Called Strike 0-1: Called Strike 0-2: SINGLE (Groundball, 56) (infield hit)
|
Batting: LHB Justin McCoy
|
0-0: Called Strike 0-1: Swinging Strike 0-2: Ball 1-2: Ball 2-2: Ball 3-2: SINGLE (Flyball, 6MD) Alberto García to second Runner from 2nd tries for 3rd, OUT! Justin McCoy to second
|
Batting: SHB Alonso Contrera
|
0-0: Called Strike 0-1: Foul Ball, location: 2F 0-2: Ball 1-2: Ball 2-2: Ball 3-2: Strikes out swinging
|
Batting: RHB Millard Ferguson
|
0-0: Called Strike 0-1: Swinging Strike 0-2: Foul Ball, location: 2F 0-2: Ball 1-2: Fly out, F9 (Flyball, 9LM)
|
Top of the 2nd over - 0 run(s), 2 hit(s), 0 error(s), 1 left on base; Punta Cana 0 - Ontario 0 |
BOTTOM OF THE 2ND |
Ontario Emus batting - Pitching for Punta Cana Hutias : LHP Ángel Rodríguez
|
Batting: RHB John Robertson
|
0-0: Ball 1-0: Ground out 6-3 (Groundball, 6)
|
Batting: LHB Greg MacCanish
|
0-0: Foul Ball, location: 2F 0-1: Ball 1-1: Foul Ball, location: 2F 1-2: Reached on error, E3 (Groundball, 34)
|
Batting: SHB Pete Jones
|
0-0: Ball 1-0: Ball 2-0: Foul Ball, location: 2F 2-1: Grounds into double play, 5-4-3 (Groundball, 5)
|
Bottom of the 2nd over - 0 run(s), 0 hit(s), 1 error(s), 0 left on base; Punta Cana 0 - Ontario 0 |
TOP OF THE 3RD |
Punta Cana Hutias batting - Pitching for Ontario Emus : RHP Dan Catron
|
Batting: RHB Ricardo Murillo
|
0-0: Swinging Strike 0-1: Ball 1-1: Ball 2-1: Foul Ball, location: 2F 2-2: Strikes out looking
|
Batting: RHB Alejandro Ramírez
|
0-0: Ball 1-0: Foul Ball, location: 2F 1-1: Ball 2-1: SINGLE (Groundball, 6MD)
|
Batting: RHB Edgardo Vásquez
|
0-0: Called Strike 0-1: Called Strike 0-2: Ball 1-2: Fly out, F8 (Line Drive, 8RM)
|
Batting: LHB Ernesto Meléndez
|
0-0: Ball Alejandro Ramírez is caught stealing 2nd base
|
Top of the 3rd over - 0 run(s), 1 hit(s), 0 error(s), 0 left on base; Punta Cana 0 - Ontario 0 |
BOTTOM OF THE 3RD |
Ontario Emus batting - Pitching for Punta Cana Hutias : LHP Ángel Rodríguez
|
Batting: RHB Juan González
|
0-0: Called Strike 0-1: Ball 1-1: Foul Ball, location: 2F 1-2: Hit by Pitch
|
Batting: RHB Bob Corrigan
|
0-0: Ball 1-0: Called Strike 1-1: Ball 2-1: Reached on error, E4 (Groundball, 4) Juan González to second
|
Batting: RHB Bobby Burks
|
0-0: Called Strike 0-1: Grounds into double play, 4-6-3 (Groundball, 4) Juan González to third
|
Batting: RHB Glen Madden
|
0-0: Ground out 5-3 (Groundball, 56)
|
Bottom of the 3rd over - 0 run(s), 0 hit(s), 1 error(s), 1 left on base; Punta Cana 0 - Ontario 0 |
TOP OF THE 4TH |
Punta Cana Hutias batting - Pitching for Ontario Emus : RHP Dan Catron
|
Batting: LHB Ernesto Meléndez
|
0-0: Called Strike 0-1: Foul Ball, location: 2F 0-2: Strikes out swinging
|
Batting: LHB Juan Rodríguez
|
0-0: Swinging Strike 0-1: Swinging Strike 0-2: Ball 1-2: Ball 2-2: Fly out, F8 (Flyball, 8RM)
|
Batting: RHB Alberto García
|
0-0: Swinging Strike 0-1: Swinging Strike 0-2: Foul Ball, location: 2F 0-2: Strikes out swinging
|
Top of the 4th over - 0 run(s), 0 hit(s), 0 error(s), 0 left on base; Punta Cana 0 - Ontario 0 |
BOTTOM OF THE 4TH |
Ontario Emus batting - Pitching for Punta Cana Hutias : LHP Ángel Rodríguez
|
Batting: RHB Germán Vargas
|
0-0: Ball 1-0: Called Strike 1-1: SINGLE (Line Drive, 4D)
|
Batting: LHB Horace Kramer
|
0-0: Called Strike 0-1: Foul Ball, location: 2F 0-2: Ball 1-2: Grounds into double play, 4-6-3 (Groundball, 4)
|
Batting: RHB John Robertson
|
0-0: Ball 1-0: Called Strike 1-1: Ground out 5-3 (Groundball, 56)
|
Bottom of the 4th over - 0 run(s), 1 hit(s), 0 error(s), 0 left on base; Punta Cana 0 - Ontario 0 |
TOP OF THE 5TH |
Punta Cana Hutias batting - Pitching for Ontario Emus : RHP Dan Catron
|
Batting: LHB Justin McCoy
|
0-0: Ball 1-0: Foul Ball, location: 2F 1-1: Called Strike 1-2: Foul Ball, location: 2F 1-2: Hit by Pitch
|
Batting: SHB Alonso Contrera
|
0-0: Called Strike 0-1: Foul Ball, location: 2F 0-2: Foul Ball, location: 2F 0-2: SINGLE (Groundball, 34) (infield hit) Justin McCoy to second
|
Batting: RHB Millard Ferguson
|
0-0: Called Strike 0-1: Called Strike 0-2: SINGLE (Groundball, 56D) Justin McCoy to third Alonso Contrera to second
|
Batting: RHB Ricardo Murillo
|
0-0: Foul Ball, location: 2F 0-1: Ball 1-1: Called Strike 1-2: Grounds into fielders choice 6-2 (Groundball, 56) Alonso Contrera to third Millard Ferguson to second
|
Batting: RHB Alejandro Ramírez
|
0-0: Called Strike 0-1: Grounds into fielders choice 1-2 (Groundball, 13) Millard Ferguson to third Ricardo Murillo to second
|
Pitching: RHP Greg Yager
|
|
Batting: RHB Edgardo Vásquez
|
0-0: Fielders Choice at 2nd, 6-4 (Groundball, 6)
|
Top of the 5th over - 0 run(s), 2 hit(s), 0 error(s), 2 left on base; Punta Cana 0 - Ontario 0 |
BOTTOM OF THE 5TH |
Ontario Emus batting - Pitching for Punta Cana Hutias : LHP Ángel Rodríguez
|
Batting: LHB Greg MacCanish
|
0-0: Ball 1-0: Ball 2-0: SINGLE (Line Drive, 9S)
|
Batting: SHB Pete Jones
|
0-0: Ball 1-0: Foul Ball, location: 2F 1-1: Fly out, F8 (Flyball, 8RM)
|
Batting: RHB Juan González
|
0-0: Ground out 6-3 (Groundball, 56D) Greg MacCanish to second
|
Batting: RHB Bob Corrigan
|
0-0: Called Strike 0-1: Foul Ball, location: 2F 0-2: SINGLE (Groundball, 6MD) Greg MacCanish to third Runner from 3rd tries for Home, SAFE, no throw
|
Batting: RHB Bobby Burks
|
0-0: Called Strike 0-1: Ball 1-1: Ball 2-1: Swinging Strike 2-2: Strikes out swinging
|
Bottom of the 5th over - 1 run(s), 2 hit(s), 0 error(s), 1 left on base; Punta Cana 0 - Ontario 1 |
TOP OF THE 6TH |
Punta Cana Hutias batting - Pitching for Ontario Emus : RHP Greg Yager
|
Batting: LHB Ernesto Meléndez
|
0-0: SINGLE (Flyball, 8LS)
|
Batting: LHB Juan Rodríguez
|
0-0: Fly out, F8 (Flyball, 8LXD) Runner from 1st tags up, SAFE at 2nd
|
Batting: RHB Alberto García
|
0-0: Fly out, F7 (Flyball, 7LS)
|
Batting: LHB Justin McCoy
|
0-0: Foul Ball, location: 2F 0-1: Swinging Strike 0-2: Ball 1-2: Ball 2-2: Fly out, F8 (Flyball, 8LM)
|
Top of the 6th over - 0 run(s), 1 hit(s), 0 error(s), 1 left on base; Punta Cana 0 - Ontario 1 |
BOTTOM OF THE 6TH |
Ontario Emus batting - Pitching for Punta Cana Hutias : LHP Ángel Rodríguez
|
Batting: RHB Glen Madden
|
0-0: Ground out 1-3 (Groundball, 15S)
|
Batting: RHB Germán Vargas
|
0-0: Called Strike 0-1: Foul Ball, location: 2F 0-2: Fly out, F4 (Popup, 4M)
|
Batting: LHB Horace Kramer
|
0-0: Ball 1-0: Swinging Strike 1-1: Foul Ball, location: 2F 1-2: Foul Ball, location: 2F 1-2: Foul Ball, location: 2F 1-2: Foul Ball, location: 2F 1-2: Ball 2-2: Ball 3-2: Fly out, F8 (Flyball, 78M)
|
Bottom of the 6th over - 0 run(s), 0 hit(s), 0 error(s), 0 left on base; Punta Cana 0 - Ontario 1 |
TOP OF THE 7TH |
Punta Cana Hutias batting - Pitching for Ontario Emus : RHP Greg Yager
|
Batting: SHB Alonso Contrera
|
0-0: Swinging Strike 0-1: Ball 1-1: Ground out 4-3 (Groundball, 4S)
|
Batting: RHB Millard Ferguson
|
0-0: Fly out, F5 (Popup, 5L)
|
Batting: RHB Ricardo Murillo
|
0-0: DOUBLE (Line Drive, 7LM)
|
Batting: RHB Alejandro Ramírez
|
0-0: Called Strike 0-1: Ball 1-1: SINGLE (Flyball, 8LS) Ricardo Murillo to third Throwing error, E8 Ricardo Murillo scores Alejandro Ramírez to second
|
Batting: RHB Edgardo Vásquez
|
0-0: Ball 1-0: DOUBLE (Flyball, 78D) Alejandro Ramírez scores
|
Pitching: LHP Tom Martin
|
|
Pinch Hitting: RHB Armando Arellano
|
0-0: Ball 1-0: Ball Wild Pitch! Edgardo Vásquez to third 2-0: Ball 3-0: Base on Balls
|
Pitching: LHP Albert Martin
|
|
Batting: LHB Juan Rodríguez
|
0-0: DOUBLE (Flyball, 9LM) Edgardo Vásquez scores Armando Arellano to third Runner from 3rd tries for Home, throw and OUT!
|
Top of the 7th over - 3 run(s), 4 hit(s), 1 error(s), 1 left on base; Punta Cana 3 - Ontario 1 |
BOTTOM OF THE 7TH |
Ontario Emus batting - Pitching for Punta Cana Hutias : LHP Ángel Rodríguez
|
Now in LF: Pat Williams
|
|
Batting: RHB John Robertson
|
0-0: Ball 1-0: Ground out 5-3 (Groundball, 5L)
|
Batting: LHB Greg MacCanish
|
0-0: Called Strike 0-1: Ball 1-1: Called Strike 1-2: Fly out, F7 (Flyball, 78M)
|
Batting: SHB Pete Jones
|
0-0: Called Strike 0-1: Ball 1-1: Ball 2-1: Ball 3-1: Called Strike 3-2: Base on Balls
|
Batting: RHB Juan González
|
0-0: Ball 1-0: Ball 2-0: Called Strike 2-1: Fielders Choice at 2nd, 5-4 (Groundball, 56)
|
Bottom of the 7th over - 0 run(s), 0 hit(s), 0 error(s), 0 left on base; Punta Cana 3 - Ontario 1 |
TOP OF THE 8TH |
Punta Cana Hutias batting - Pitching for Ontario Emus : LHP Albert Martin
|
Batting: RHB Alberto García
|
0-0: Ball 1-0: Ground out 6-3 (Groundball, 56)
|
Batting: LHB Justin McCoy
|
0-0: Ball 1-0: Ball 2-0: Ball 3-0: Base on Balls
|
Batting: SHB Alonso Contrera
|
0-0: Fielders Choice at 2nd, 1-4 (Groundball, 15S)
|
Batting: RHB Millard Ferguson
|
0-0: Foul Ball, location: 2F 0-1: Ball 1-1: Swinging Strike 1-2: Ball 2-2: Fly out, F3 (Popup, 3S)
|
Top of the 8th over - 0 run(s), 0 hit(s), 0 error(s), 1 left on base; Punta Cana 3 - Ontario 1 |
BOTTOM OF THE 8TH |
Ontario Emus batting - Pitching for Punta Cana Hutias : LHP Ángel Rodríguez
|
Pitching: RHP Juan Baca
|
|
Now at 1B: Ben Kearley
|
|
Batting: RHB Bob Corrigan
|
0-0: Ball 1-0: Swinging Strike 1-1: Ball 2-1: Foul Ball, location: 2F 2-2: Fly out, F9 (Flyball, 9S)
|
Batting: RHB Bobby Burks
|
0-0: Ball 1-0: Foul Ball, location: 2F 1-1: Foul Ball, location: 2F 1-2: Ground out 1-3 (Groundball, 13S)
|
Batting: RHB Glen Madden
|
0-0: Called Strike 0-1: Foul Ball, location: 2F 0-2: Ground out 6-3 (Groundball, 6)
|
Bottom of the 8th over - 0 run(s), 0 hit(s), 0 error(s), 0 left on base; Punta Cana 3 - Ontario 1 |
TOP OF THE 9TH |
Punta Cana Hutias batting - Pitching for Ontario Emus : LHP Albert Martin
|
Pitching: LHP Walt MacKey
|
|
Batting: RHB Ricardo Murillo
|
0-0: Fly out, F7 (Flyball, 78M)
|
Batting: RHB Alejandro Ramírez
|
0-0: Ball 1-0: Called Strike 1-1: Ball 2-1: Called Strike 2-2: SINGLE (Line Drive, 6D)
|
Batting: RHB Edgardo Vásquez
|
0-0: Ball 1-0: Foul Ball, location: 2F 1-1: Foul Ball, location: 2F 1-2: Reached on error, E5 (Groundball, 56) Alejandro Ramírez to second
|
Pinch Hitting: RHB José Deleón
|
0-0: Called Strike 0-1: Single, Error in OF, E8, batter to second base Alejandro Ramírez scores Edgardo Vásquez to third
|
Batting: LHB Juan Rodríguez
|
0-0: Ball 1-0: Foul Ball, location: 2F 1-1: Called Strike 1-2: Strikes out looking
|
Batting: RHB Ben Kearley
|
0-0: Ground out 5-3 (Groundball, 5)
|
Top of the 9th over - 1 run(s), 2 hit(s), 2 error(s), 2 left on base; Punta Cana 4 - Ontario 1 |
BOTTOM OF THE 9TH |
Ontario Emus batting - Pitching for Punta Cana Hutias : RHP Juan Baca
|
Pitching: RHP Ángel Casillas
|
|
Now in RF: José Deleón
|
|
Batting: RHB Germán Vargas
|
0-0: Foul Ball, location: 2F 0-1: Swinging Strike 0-2: Strikes out swinging
|
Batting: LHB Horace Kramer
|
0-0: Called Strike 0-1: Ball 1-1: Ball 2-1: Ball 3-1: Swinging Strike 3-2: Foul Ball, location: 2F 3-2: Ground out 1-3 (Groundball, P)
|
Batting: RHB John Robertson
|
0-0: Ball 1-0: Called Strike 1-1: Called Strike 1-2: Strikes out swinging
|
Bottom of the 9th over - 0 run(s), 0 hit(s), 0 error(s), 0 left on base; Punta Cana 4 - Ontario 1 |
|